 Dungeon Crawl Stone Soup version 0.30-a0-743-gbfdf073431 (webtiles) character file.

Game seed: 2598577155038417548

32 retardedninja the Trooper (level 3, -3/33 HPs)
             Began as a Hill Orc Fighter on Feb 7, 2023.
             Succumbed to Terence's poison
             ... on level 2 of the Dungeon.
             The game lasted 00:00:59 (806 turns).

retardedninja the Trooper (Hill Orc Fighter)         Turns: 806, Time: 00:01:00

Health: -3/33      AC:  0    Str: 20    XL:     3   Next: 25%
Magic:  3/3        EV: 13    Int:  8    God:
Gold:   95         SH:  0    Dex: 10    Spells: 2/2 levels left

rFire   . . .      SeeInvis .    (weapon currently unavailable)
rCold   . . .      Faith    .    (shield currently unavailable)
rNeg    . . .      Spirit   .    (body armour currently unavailable)
rPois   .          Reflect  .    (helmet currently unavailable)
rElec   .          Harm     .    (cloak currently unavailable)
rCorr   .          Rampage  .    (gloves currently unavailable)
Will    .....                    (boots currently unavailable)
Stlth   +                        (no amulet)
HPRegen 0.25/turn                (ring currently unavailable)
MPRegen 0.08/turn                (ring currently unavailable)

@: mighty, lethally poisoned (-3 -> -27), pig-form, very quick
A: fast, no casting, small
a: no special abilities


You were on level 2 of the Dungeon.
You were a filthy swine.
You visited 1 branch of the dungeon, and saw 2 of its levels.

You collected 95 gold pieces.

Inventory:

Hand Weapons
 a - a +0 war axe (melded)
Armour
 b - a +0 scale mail (melded)
 c - a +0 buckler (melded)
Scrolls
 e - a scroll of torment {unknown}
 f - 4 scrolls of enchant weapon {unknown}
 g - a scroll of teleportation {unknown}


   Skills:
 + Level 4.0 Fighting
 + Level 3.3 Axes
 + Level 3.6 Armour
 + Level 3.7 Shields


You had 2 spell levels left.
You didn't know any spells.
Your spell library contained the following spells:

 Spells                   Type           Power      Damage    Failure   Level
 Foxfire                  Conj/Fire      0%         2x1d4     41%         1
 Kiss of Death            Conj/Necr      0%         2d5       41%         1
 Slow                     Hex            0%         N/A       41%         1
 Dazzling Flash           Conj/Hex       0%         N/A       78%         3
 Iskenderun's Mystic Bla  Conj/Tloc      0%         2d3       99%         4
 Starburst                Conj/Fire      0%         6d3       100%        6


Dungeon Overview and Level Annotations

Branches:
Dungeon (2/15)

Altars:

Annotations:
D:2 Terence


Message History

No target in view!
No target in view!
g - a scroll labelled KYOPNE QENG No target in view!
A dart slug comes into view.
Terence the Incautious comes into view.
He is wielding a +2 mace of venom and carrying a wand of polymorph (11).
Terence shouts!
There are monsters nearby!
Found an emerald potion.
There are monsters nearby!
You slash the dart slug!
The dart slug is almost dead.
The dart slug closely misses you.
There are monsters nearby!
You hit the dart slug but do no damage.
The dart slug is almost dead.
Terence zaps a wand.
You resist with significant effort. The dart slug barely misses you.
You hit the dart slug but do no damage.
The dart slug is almost dead.
Terence zaps a wand.
You turn into a filthy swine.
Your +0 war axe melds into your body.
Your +0 buckler melds into your body.
Your +0 scale mail melds into your body.
The dart slug bites you.
You feel very mighty all of a sudden. The dart slug launches a dart at you.
The slug dart hits you.
You barely miss Terence.
Terence hits you with a +2 mace of venom!
You are poisoned.
You hit Terence but do no damage.
You feel very sick. The dart slug bites you.
Terence hits you with a +2 mace of venom!
* * * LOW HITPOINT WARNING * * *
You are more poisoned.
You aren't carrying any potions.
Unknown command.
You hit Terence but do no damage.
You die...

........ ##..#...#
?......# #......#
#......# ###......#
.#........######
.#.#..wh@......#
...#.###..###!#
##..........#
#..###.###.##
########.####.# #.#
..............# #.#
########.########.#
#..............#
#.##.###########


You could see Terence and a dart slug.

Vanquished Creatures
  A dart slug (D:2)
  A bat (D:1)
  4 endoplasms
  2 giant cockroaches
  2 hobgoblins (D:1)
  4 quokkas
  2 ball pythons (D:2)
  2 frilled lizards
  5 goblins
  A kobold (D:1)
  2 rats (D:1)
26 creatures vanquished.

Notes
Turn   | Place    | Note
-------+----------+-------------------------------------------
     0 | D:1      | retardedninja the Hill Orc Fighter began the quest for the
                  | Orb.
     0 | D:1      | Reached XP level 1. HP: 19/19 MP: 1/1
   140 | D:1      | Reached XP level 2. HP: 27/27 MP: 2/2
   149 | D:1      | Found a faded altar of an unknown god.
   572 | D:1      | Reached skill level 4 in Fighting
   688 | D:2      | Reached XP level 3. HP: 33/33 MP: 3/3
   731 | D:2      | Got Sif Muna's Beginning Awakened Knowledge
   798 | D:2      | Noticed Terence
   806 | D:2      | Succumbed to Terence's poison

Illustrated notes

Levels and vault maps discovered:
D:1:      matt_arrival_grand_opening, layout_basic,
          chequers_ecumenical_altar_island
D:2:      layout_basic, basic_altar, uniq_terence

Skill      XL: |  1  2 |
---------------+-------+-----
Axes           | 3 |  3.3
Fighting       | 4 |  4.0
Armour         | |  3.6
Shields        | |  3.7

Action                     || total
---------------------------++-------
  Melee: War axe           ||    71
         Unarmed           ||     3
    Use: Potion            ||     1
 Armour: Scale mail        ||    32
  Dodge: Dodged            ||    28
  Block: Buckler           ||    11

Table legend: (Time is in decaauts)
 A = Elapsed time spent in this place.
 B = Non-inter-level travel time spent in this place.
 C = Inter-level travel time spent in this place.
 D = Time resting spent in this place.
 E = Time spent auto-exploring this place.
 F = Levels seen in this place.
 G = Mean time per level.
                   A        B        C        D        E       F      G
               +--------+--------+--------+--------+--------+-----+--------+
         Total |    835 |    826 |      9 |      0 |    644 |   2 |  417.5 |
       Dungeon |    835 |    826 |      9 |      0 |    644 |   2 |  417.5 |
               +--------+--------+--------+--------+--------+-----+--------+

Top non-repeatable levels by time:
     D:1: 707 daAuts
     D:2: 128 daAuts
